 Dungeon Crawl Stone Soup version 0.25.1-1-g288607f5aa (webtiles) character file.

Game seed: 4713737924336253610

101240 Ijustatesigmund the Unseen (level 16, 0/128 HPs)
             Began as an Octopode Gladiator on July 21, 2020.
             Was the Champion of Cheibriados.
             Hit by a silver javelin thrown by a merfolk javelineer (14 damage)
             ... on level 1 of the Shoals.
             The game lasted 01:10:45 (23383 turns).

Ijustatesigmund the Unseen (Octopode Gladiator)    Turns: 23383, Time: 01:10:48

Health: 0/128      AC:  6    Str: 32    XL:     16   Next: 30%
Magic:  24/24      EV: 25    Int: 31    God:    Cheibriados [******]
Gold:   2490       SH: 17    Dex: 28    Spells: 12/15 levels left

rFire    + . .     SeeInvis +   a - +7 war axe
rCold    + . .     Gourm    .   I - +3 kite shield {rC+ rF+}
rNeg     . . .     Faith    .   b - +2 hat
rPois    .         Spirit   .   g - amulet of regeneration
rElec    .         Reflect  .   y - ring of stealth
rCorr    .         Harm     .   C - ring of flight
MR       ++...                  F - +4 ring of evasion
Stlth    ++++++++++             A - ring of stealth
HPRegen  0.71/turn              H - ring "Suumosa" {MR+ Int+6 Dex-4 Stlth+}
MPRegen  0.19/turn              O - ring of see invisible
                                (no ring)
                                (no ring)

@: very slow
A: almost no armour, stealthy swim, amphibious, 8 rings, constrict 8, tentacle
spike 1, icy blue scales 1, camouflage 1, robust 1, shaggy fur 1, gelatinous
body 1
a: Bend Time, Temporal Distortion, Slouch, Step From Time, Renounce Religion,
Evoke Flight


You were on level 1 of the Shoals.
You worshipped Cheibriados.
Cheibriados was exalted by your worship.
You were not hungry.

You visited 5 branches of the dungeon, and saw 24 of its levels.
You also visited: Sewer and Gauntlet.

You collected 2670 gold pieces.
You spent 180 gold pieces at shops.

Inventory:

Hand Weapons
 a - a +7 war axe (weapon)
 P - a +1 hand axe of flaming
Missiles
 c - 9 throwing nets
 L - 17 javelins
 U - 7 silver javelins (quivered)
Armour
 b - a +2 hat (worn)
 I - a +3 kite shield of resistance (worn)
Jewellery
 g - an amulet of regeneration (around mantle)
 h - an uncursed amulet of reflection
 y - a ring of stealth (left tentacle)
 A - a ring of stealth (on tentacle)
 C - a ring of flight (right tentacle)
 E - an uncursed ring of fire
 F - a +4 ring of evasion (on tentacle)
 H - the ring "Suumosa" (on tentacle) {MR+ Int+6 Dex-4 Stlth+}
   (You found it in a Gauntlet)

   [ring of protection from magic]

   It affects your intelligence (+6).
   It affects your dexterity (-4).
   It affects your resistance to hostile enchantments.
   It makes you more stealthy.
 O - a ring of see invisible (on tentacle)
Wands
 o - a wand of polymorph (13)
 v - a wand of digging (9)
 x - a wand of acid (9)
 G - a wand of iceblast (8)
 M - a wand of flame (34)
 N - a wand of clouds (2)
Scrolls
 i - 9 scrolls of remove curse
 j - 4 scrolls of amnesia
 k - 2 scrolls of identify
 m - 5 scrolls of teleportation
 r - 4 scrolls of fog
 t - 4 scrolls of immolation
 J - 2 scrolls of magic mapping
 S - a scroll of blinking
Potions
 e - 2 potions of mutation
 f - 3 potions of heal wounds
 l - 2 potions of lignification
 n - 2 potions of flight
 p - a potion of might
 q - 8 potions of curing
 s - 5 potions of magic
 u - 4 potions of cancellation
 w - 4 potions of brilliance
 z - 2 potions of resistance
 D - a potion of stabbing
Comestibles
 d - 35 rations


   Skills:
 + Level 13.3 Fighting
 + Level 13.5 Axes
 - Level 8.0 Throwing
 + Level 8.4 Dodging
 + Level 20.1 Stealth
 + Level 9.7 Shields
 - Level 4.3 Translocations
 + Level 11.1 Invocations
 - Level 2.4 Evocations


You had 12 spell levels left.
You knew the following spells:

 Your Spells              Type           Power        Failure   Level  Hunger
a - Apportation           Tloc           ####..       3%          1    ##.....
b - Blink                 Tloc           N/A          4%          2    ###....

Your spell library contained the following spells:

 Spells                   Type           Power        Failure   Level  Hunger
 Animate Skeleton         Necr           N/A          19%         1    ##.....
 Corona                   Hex            #......      19%         1    ##.....
 Magic Dart               Conj           #...         19%         1    ##.....
 Summon Small Mammal      Summ           #...         19%         1    ##.....
 Portal Projectile        Hex/Tloc       ##....       22%         3    ####...
 Recall                   Summ/Tloc      N/A          22%         3    ####...
 Call Imp                 Summ           #.......     26%         2    ###....
 Slow                     Hex            #.......     26%         2    ###....
 Sublimation of Blood     Necr           #.........   26%         2    ###....
 Conjure Flame            Conj/Fire      #.......     47%         3    ####...
 Ignite Poison            Fire/Tmut/Pois #.......     47%         3    ####...
 Inner Flame              Hex/Fire       #.......     47%         3    ####...
 Mephitic Cloud           Conj/Pois/Air  #.......     47%         3    ####...
 Animate Dead             Necr           N/A          87%         4    #####..
 Cause Fear               Hex            #.........   87%         4    #####..
 Leda's Liquefaction      Hex/Erth       #.........   87%         4    #####..
 Petrify                  Tmut/Erth      #.......     87%         4    #####..
 Alistair's Intoxication  Tmut/Pois      #.......     99%         5    ######.
 Borgnjor's Vile Clutch   Necr/Erth      #.........   99%         5    ######.
 Irradiate                Conj/Tmut      #.........   99%         5    ######.
 Death Channel            Necr           #.........   100%        6    #######
 Eringya's Noxious Bog    Tmut/Pois      #.........   100%        6    #######
 Simulacrum               Ice/Necr       #.........   100%        6    #######
 Haunt                    Necr/Summ      #.........   100%        7    #######
 Malign Gateway           Summ/Tloc      ##........   100%        7    #######
 Monstrous Menagerie      Summ           #.........   100%        7    #######
 Summon Greater Demon     Summ           #.........   100%        7    #######
 Borgnjor's Revivificati  Necr           #.........   100%        8    #######
 Death's Door             Chrm/Necr      #.........   100%        8    #######
 Infestation              Necr           #.........   100%        8    #######
 Necromutation            Tmut/Necr      #.........   100%        8    #######
 Summon Horrible Things   Summ           #.........   100%        8    #######


Dungeon Overview and Level Annotations

Branches:
Dungeon (14/15)            Temple (1/1) D:6            Lair (6/6) D:9
 Shoals (1/4) Lair:4       Spider (0/4) Lair:3        Slime (0/5) Lair:5
    Orc (2/2) D:12            Elf (0/3) Orc:2        Vaults (0/5) D:14
  Sewer (visited)         Gauntlet (visited)

Altars:
Ashenzari
Cheibriados
Dithmenos
Elyvilon
Gozag
Hepliaklqana
Kikubaaqudgha
Nemelex Xobeh
Okawaru
Qazlal
Ru
Sif Muna
Trog
Vehumet
Wu Jian
Yredelemnul
Zin
The Shining One

Shops:
D:10 *   Orc:2 }%(}   Shoals:1 (

Annotations:
D:4 3 runed translucent doors, Nixze's ghost, amateur NaTm
D:6 2 transporters


Innate Abilities, Weirdness & Mutations

You cannot wear most types of armour.
You are very stealthy in the water. (Stealth+)
You are amphibious.
You can wear up to eight rings at the same time.
You can use your tentacles to constrict eight enemies at once.
Your skin changes colour to match your surroundings (Stealth+).
Your rubbery body absorbs attacks. (AC +1, EV +1)
One of your tentacles bears a spike.
You are partially covered in icy blue scales. (AC +2)
You are robust. (+10% HP)
You are covered in fur. (AC +1)


Message History

The javelin barely misses you.
You hear a splash.
The merfolk impaler is engulfed in blazing flames.
The merfolk javelineer throws a silver javelin.
The silver javelin closely misses you.
You hear a splash.
The merfolk impaler is engulfed in blazing flames.
You block the merfolk impaler's attack.
The merfolk javelineer is engulfed in blazing flames.
The merfolk impaler is engulfed in blazing flames.
The merfolk javelineer is engulfed in blazing flames.
The merfolk javelineer throws a javelin.
The javelin completely misses you.
You hear a splash.
You feel much better.
The merfolk impaler hits you from afar with a +1 demon trident of electrocution!
* * * LOW HITPOINT WARNING * * *
The merfolk javelineer throws a silver javelin.
The silver javelin pierces through you!
You die...

........≈≈...≈≈≈≈≈≈≈....(()≈..≈≈≈
≈≈.....≈≈...≈≈#####≈≈.))##....≈≈≈
≈≈≈≈.≈)≈≈...≈##§≈≈##≈...#####..≈.
≈≈≈≈≈≈≈≈≈≈..≈#§§§§§#≈...### ##...
≈≈≈≈≈≈≈≈≈≈≈.≈#≈§§§§#≈.....# ###.
≈≈≈≈≈≈≈≈≈≈≈≈≈#mmm§≈#≈.....####..#
≈≈≈≈≈≈≈≈≈≈≈≈≈##(mm##≈.....##.....
≈≈≈≈≈≈≈≈≈≈..≈≈##'##≈≈.....#......
≈≈≈≈≈≈≈≈≈...≈≈≈)@)≈≈≈.....#..≈..≈
≈≈≈≈≈≈≈≈≈....≈≈...≈≈.>≈.....≈≈≈.≈
≈≈≈≈≈≈≈≈≈≈......(.(..≈≈≈≈≈≈≈≈≈≈≈≈
≈≈≈≈≈≈≈≈≈≈≈...≈≈(≈≈≈≈≈≈≈≈≈≈≈≈≈≈≈≈
≈≈≈≈≈≈≈≈≈≈≈≈≈≈≈≈(≈((≈(≈≈≈≈≈≈≈≈≈≈≈
≈≈≈≈≈≈.≈≈≈≈≈≈≈≈≈≈≈≈≈≈≈≈≈≈≈≈≈≈≈≈≈≈
≈≈≈≈≈≈≈≈≈≈≈≈≈≈≈≈≈≈≈≈≈≈≈≈≈≈≈≈≈≈≈≈≈
≈≈≈≈≈≈≈≈≈≈≈≈≈≈≈≈≈≈≈≈≈≈≈≈≈≈≈≈≈≈≈≈≈
≈≈≈≈≈≈≈≈≈≈≈≈≈≈≈≈≈≈≈≈≈≈≈≈≈≈≈≈≈≈≈≈≈


You could see 2 merfolk impalers and 3 merfolk javelineers.

Vanquished Creatures
  Rupert (Lair:5)
  Kirke (D:12)
  A minotaur (Gauntlet)
  A dire elephant (Gauntlet)
  Josephine (Lair:5)
  3 merfolk impalers (Shoals:1)
  Harold (D:9)
  An ice dragon (Lair:6)
  4 hydras
  2 merfolk avatars (Shoals:1)
  4 vault guards
  11 two-headed ogres
  4 ogre magi (Orc:2)
  A shambling mangrove (Lair:5)
  A centaur warrior (D:13)
  5 death yaks (Lair:6)
  4 tengu warriors
  Urug (Lair:5)
  Sonja (Lair:2)
  5 skeletal warriors
  3 sea snakes (Shoals:1)
  2 wizards
  A deep elf archer (D:14)
  2 lindwurms (Lair:6)
  Pikel (D:8)
  4 harpies (Shoals:1)
  An orb spider (Lair:3)
  An orc knight (D:14)
  A deep elf mage (D:14)
  6 ugly things
  4 manticores
  4 oklob plants (Lair:5)
  3 fauns (Shoals:1)
  4 cyclopes
  4 elephants
  A black mamba (Lair:1)
  2 merfolk sirens (Shoals:1)
  A molten gargoyle (Lair:6)
  5 spiny frogs
  2 gargoyles
  2 water nymphs (Shoals:1)
  5 komodo dragons
  5 torpor snails (Lair:6)
  A kobold demonologist (D:13)
  An efreet (D:14)
  A yaktaur (D:14)
  2 rime drakes
  2 queen bees
  A tengu conjurer (D:14)
  3 merfolk (Shoals:1)
  3 meliai (D:13)
  9 trolls
  10 hornets
  3 tyrant leeches (Lair:6)
  7 slime creatures
  A polar bear (Lair:5)
  A meliai zombie (D:13)
  A raiju (Gauntlet)
  A wind drake (Shoals:1)
  A snapping turtle (Shoals:1)
  21 blink frogs
  6 dream sheep (Shoals:1)
  10 hippogriffs
  A hippogriff (shapeshifter) (D:14)
  Sigmund (D:2)
  7 wyverns
  A vampire (D:13)
  2 water elementals (Shoals:1)
  6 wraiths
  3 basilisks
  A shadow (D:14)
  Grum (Lair:1)
  A hog (D:12)
  A human (D:14)
  4 hungry ghosts
  37 yaks
  A steam dragon (D:12)
  A warg (D:12)
  3 vampire mosquitoes (D:13)
  A soldier ant (D:13)
  8 water moccasins
  3 porcupines
  16 orc warriors
  2 ice beasts
  A sky beast (D:11)
  2 black bears
  3 phantoms
  3 slaves (D:8)
  31 ogres
  11 wolves
  11 centaurs
  3 crocodiles
  3 big kobolds
  13 bullfrogs
  A wyvern zombie (D:14)
  3 scorpions
  41 killer bees
  7 wights
  4 howler monkeys
  6 electric eels
  3 bullfrog zombies
  6 crimson imps
  9 hounds
  A quasit (D:9)
  5 centaur zombies
  2 jellies
  6 orc priests
  2 centaur skeletons
  A gnoll shaman (Orc:2)
  24 orc wizards
  5 bullfrog skeletons
  4 iguanas
  2 lightning spires (Gauntlet)
  11 worker ants
  A killer bee zombie (D:9)
  A hound skeleton (D:10)
  A howler monkey zombie (D:5)
  15 gnolls
  A howler monkey skeleton (D:7)
  A river rat (D:5)
  15 adders
  A shadow imp (D:6)
  2 oozes (D:3)
  An adder skeleton (D:4)
  2 adder zombies
  A worm (D:3)
  2 dart slugs (D:1)
  7 leopard geckos
  61 orcs
  7 giant cockroaches
  7 hobgoblins
  4 jackals (D:3)
  15 kobolds
  4 quokkas
  3 ball pythons
  9 bats
  10 frilled lizards
  5 goblins
  A quokka skeleton (D:4)
  11 rats
  A fungus (Lair:6)
  2 plants (Lair:6)
718 creatures vanquished.

Vanquished Creatures (others)
  2 humans (D:12)
  A hound skeleton (D:8)
  An orc (D:11)
  3 fungi
  7 plants
14 creatures vanquished.

Grand Total: 732 creatures vanquished

Notes
Turn   | Place    | Note
-------+----------+-------------------------------------------
     0 | D:1      | Ijustatesigmund the Octopode Gladiator began the quest for
                  | the Orb.
     0 | D:1      | Reached XP level 1. HP: 14/14 MP: 1/1
   471 | D:1      | Reached XP level 2. HP: 15/20 MP: 2/2
  1071 | D:1      | Reached XP level 3. HP: 25/25 MP: 3/3
  1573 | D:2      | Found an iron altar of Okawaru.
  1595 | D:2      | Noticed Sigmund
  1643 | D:3      | Reached XP level 4. HP: 19/31 MP: 4/4
  2187 | D:3      | You fall into a shaft and drop 3 floors!
  2219 | D:6      | Reached XP level 5. HP: 24/37 MP: 5/5
  2282 | D:6      | Reached skill level 5 in Axes
  2282 | D:6      | Reached XP level 6. HP: 38/44 MP: 6/6
  2316 | D:6      | Reached skill level 5 in Fighting
  2377 | D:6      | Found a staircase to the Ecumenical Temple.
  2386 | Temple   | Entered the Ecumenical Temple
  2559 | D:5      | Entered Level 5 of the Dungeon
  2624 | D:5      | Found a stormy altar of Qazlal.
  2664 | D:5      | Reached XP level 7. HP: 50/50 MP: 7/7
  2686 | D:5      | You fall into a shaft and drop 1 floor!
  2858 | D:5      | Found a glowing drain.
  2870 | Sewer    | Entered a sewer
  3720 | D:4      | Gained mutation: You evolve. [potion of mutation]
  3720 | D:4      | Gained mutation: You are robust. (+10% HP) [potion of
                  | mutation]
  3865 | D:4      | You fall into a shaft and drop 2 floors!
  3865 | D:6      | Found an iron altar of Okawaru.
  3982 | D:6      | Noticed a small abomination
  3990 | D:6      | Found a transporter.
  3993 | D:6      | Found a transporter.
  4128 | D:4      | Found a runed translucent gate.
  4128 | D:4      | Found a runed translucent gate.
  4128 | D:4      | Found a runed translucent gate.
  4129 | D:4      | Noticed Nixze's ghost (amateur NaTm)
  4140 | D:4      | Identified the +2 whip of Ibirch {drain, rElec rPois rC+
                  | Dex-4}
  4594 | D:4      | Found a sacrificial altar of Ru.
  4712 | D:4      | Reached XP level 8. HP: 50/63 MP: 8/8
  4921 | D:4      | Gained mutation: You are partially covered in icy blue
                  | scales. (AC +2) [evolution]
  5015 | D:4      | Found an ornate altar of the Wu Jian Council.
  5023 | D:4      | Found an ancient bone altar of Kikubaaqudgha.
  5297 | D:2      | Killed Sigmund
  5901 | D:7      | Reached XP level 9. HP: 56/70 MP: 9/9
  5911 | D:7      | Reached skill level 5 in Dodging
  6775 | D:7      | Found a bloodstained altar of Trog.
  6853 | D:7      | Found a white marble altar of Elyvilon.
  6942 | D:7      | Found a basalt altar of Yredelemnul.
  7253 | D:8      | Reached skill level 1 in Shields
  7741 | D:8      | Noticed Pikel
  7766 | D:8      | Killed Pikel
  7766 | D:8      | Reached XP level 10. HP: 68/81 MP: 10/10
  8104 | D:8      | Gained mutation: Your system is resistant to poisons.
                  | (rPois) [evolution]
  8221 | Temple   | Became a worshipper of Cheibriados the Contemplative
  8405 | D:9      | Noticed a cyclops
  8406 | D:9      | Noticed a tengu warrior
  8407 | D:9      | Noticed a tengu warrior
  8419 | D:9      | Killed a tengu warrior
  8419 | D:9      | Reached skill level 1 in Invocations
  8427 | D:9      | Killed a cyclops
  8432 | D:9      | Killed a tengu warrior
  8432 | D:9      | Reached skill level 10 in Axes
  8432 | D:9      | Reached skill level 5 in Shields
  8665 | D:9      | Found a staircase to the Lair.
  8777 | D:9      | Found a shadowy altar of Dithmenos.
  8896 | D:9      | Noticed a gargoyle
  8905 | D:9      | Killed a gargoyle
  8905 | D:9      | Reached skill level 10 in Fighting
  8943 | D:9      | Noticed Harold
  8953 | D:9      | Killed Harold
  8953 | D:9      | Reached XP level 11. HP: 69/89 MP: 12/14
  8956 | D:9      | Reached * piety under Cheibriados
  9006 | D:9      | Noticed a skeletal warrior
  9008 | D:9      | Noticed a skeletal warrior
  9010 | D:9      | Noticed a skeletal warrior
  9421 | D:9      | Killed a skeletal warrior
  9513 | D:9      | Killed a skeletal warrior
  9513 | D:9      | Reached skill level 5 in Invocations
  9609 | D:10     | Entered Level 10 of the Dungeon
  9828 | D:10     | Reached ** piety under Cheibriados
 10034 | D:10     | Found Feczak's Assorted Antiques.
 10064 | D:10     | Bought a scroll of enchant weapon for 180 gold pieces
 10470 | D:11     | Reached *** piety under Cheibriados
 10909 | D:11     | Noticed a manticore
 10922 | D:11     | Killed a manticore
 10991 | D:11     | Reached XP level 12. HP: 99/99 MP: 15/17
 11135 | D:11     | Reached **** piety under Cheibriados
 11419 | D:11     | Noticed a two-headed ogre
 11422 | D:11     | Killed a two-headed ogre
 11598 | D:11     | Gained mutation: One of your tentacles bears a spike.
                  | [evolution]
 11661 | D:12     | Found a gate leading to a gauntlet.
 11679 | D:12     | Reached ***** piety under Cheibriados
 11687 | Gauntlet | Entered a Gauntlet
 11687 | Gauntlet | Found a transporter.
 11687 | Gauntlet | Found a transporter.
 11687 | Gauntlet | Found a transporter.
 11687 | Gauntlet | Noticed a dire elephant
 11710 | Gauntlet | Found a transporter.
 11722 | Gauntlet | Found a transporter.
 11742 | Gauntlet | Found a transporter.
 11748 | Gauntlet | Found a transporter.
 11762 | Gauntlet | Found a transporter.
 11798 | Gauntlet | Found a transporter.
 11845 | Gauntlet | Killed a dire elephant
 11864 | Gauntlet | Got a slimy lead ring
 11867 | Gauntlet | Identified the ring "Suumosa" {MR+ Int+6 Dex-4 Stlth+} (You
                  | found it in a Gauntlet)
 11922 | Gauntlet | Noticed a minotaur
 11930 | Gauntlet | Killed a minotaur
 12187 | D:12     | Found a staircase to the Orcish Mines.
 12277 | D:12     | Noticed Kirke
 12289 | D:12     | Killed Kirke
 12289 | D:12     | Reached XP level 13. HP: 96/106 MP: 19/19
 12467 | D:12     | Gained mutation: You are covered in fur. (AC +1)
                  | [evolution]
 12705 | D:12     | Found a glowing golden altar of the Shining One.
 12962 | D:13     | Reached skill level 1 in Stealth
 13015 | D:13     | Reached skill level 3 in Stealth
 13100 | D:13     | Reached skill level 4 in Stealth
 13107 | D:13     | Reached skill level 5 in Stealth
 13340 | D:13     | Reached skill level 6 in Stealth
 13346 | D:13     | Reached skill level 7 in Stealth
 13367 | D:13     | Found a glowing golden altar of the Shining One.
 13475 | D:13     | Reached skill level 8 in Stealth
 13628 | D:13     | Reached ****** piety under Cheibriados
 13648 | D:13     | Reached skill level 9 in Stealth
 13781 | D:14     | Noticed a vault guard
 13824 | D:14     | Killed a vault guard
 13898 | D:14     | Reached skill level 5 in Throwing
 13946 | D:14     | Noticed a vault guard
 14295 | D:14     | Reached XP level 14. HP: 39/113 MP: 20/20
 14540 | D:14     | Lost mutation: Your system is resistant to poisons. (rPois)
                  | [evolution]
 14540 | D:14     | Lost mutation: You evolve. [end of evolution]
 14611 | D:14     | Learned a level 1 spell: Apportation
 14614 | D:14     | Learned a level 2 spell: Blink
 14903 | D:14     | Found a gate to the Vaults.
 14912 | D:14     | Reached skill level 1 in Translocations
 14987 | Orc:1    | Entered Level 1 of the Orcish Mines
 15169 | Orc:2    | Entered Level 2 of the Orcish Mines
 15399 | Orc:2    | Reached skill level 10 in Invocations
 15466 | Orc:2    | Found Xaumor's Antique Weapon Shoppe.
 15466 | Orc:2    | Found Kimoohaj's Gadget Shop.
 15467 | Orc:2    | Found Buqenus's Gadget Boutique.
 15467 | Orc:2    | Found Hotti's Food Shoppe.
 15787 | Orc:2    | Found a staircase to the Elven Halls.
 16039 | Orc:1    | Found a bloodstained altar of Trog.
 16513 | Lair:1   | Entered Level 1 of the Lair of Beasts
 16552 | Lair:1   | Noticed Grum
 16563 | Lair:1   | Killed Grum
 17135 | Lair:1   | You fall into a shaft and drop 1 floor!
 17161 | Lair:2   | Noticed Sonja
 17166 | Lair:2   | Killed Sonja
 18471 | Lair:3   | Reached XP level 15. HP: 116/121 MP: 22/22
 18575 | Lair:3   | Reached skill level 1 in Evocations
 18594 | Lair:3   | Found a hole to the Spider Nest.
 19061 | Lair:4   | Found a staircase to the Shoals.
 19909 | Lair:5   | Noticed Josephine
 19924 | Lair:5   | Killed Josephine
 20121 | Lair:5   | Noticed Urug
 20131 | Lair:5   | Killed Urug
 20249 | Lair:5   | Identified a scroll of acquirement
 20250 | Lair:5   | Acquired a manual of Stealth
 20337 | Lair:5   | Reached skill level 10 in Stealth
 20337 | Lair:5   | Paralysed by a hornet for 1 turns
 20573 | Lair:5   | Found a staircase to the Slime Pits.
 20578 | Lair:5   | Reached skill level 11 in Stealth
 20849 | Lair:5   | Noticed Rupert
 20863 | Lair:5   | Killed Rupert
 20863 | Lair:5   | Reached skill level 12 in Stealth
 21008 | Lair:6   | Entered Level 6 of the Lair of Beasts
 21023 | Lair:6   | Reached skill level 13 in Stealth
 21098 | Lair:6   | Reached skill level 14 in Stealth
 21366 | Lair:6   | Reached skill level 15 in Stealth
 21401 | Lair:6   | Reached skill level 16 in Stealth
 21843 | Lair:6   | Reached skill level 17 in Stealth
 21918 | Lair:6   | Found a runed translucent door.
 22020 | Lair:6   | Reached skill level 18 in Stealth
 22455 | Shoals:1 | Entered Level 1 of the Shoals
 22466 | Shoals:1 | Reached skill level 19 in Stealth
 22478 | Shoals:1 | Reached XP level 16. HP: 41/128 MP: 24/24
 22612 | Shoals:1 | Found Lenik's Antique Weapon Boutique.
 23100 | Shoals:1 | Reached skill level 20 in Stealth
 23383 | Shoals:1 | Hit by a silver javelin thrown by a merfolk javelineer

Illustrated notes

Levels and vault maps discovered:
D:1:      erik_arrival_cave_to_civilisation [erik_arrival_cave_to_hall],
          layout_loops_ring, serial_glass, glass_columns_a, glass_columns_c
D:2:      layout_basic, okawaru_metal_pillars_1_2, uniq_sigmund
D:3:      layout_rooms
D:4:      layout_layer_cave, minitemple, nicolae_ru_awakened_eye,
          gammafunk_ghost_nasty_kobolds
D:5:      layout_gridville, nicolae_qazlal_eye_of_the_storm, enter_ossuary_2,
          first_ration, portal_sewer_entry_a
D:6:      layout_rooms, nicolae_overflow_crystal_walls,
          minmay_temple_entry_waves, gammafunk_ghost_abyssal_escape,
          minmay_quadrilaterals
D:7:      layout_layer_cave, kennysheep_ying_yang, basic_altar
D:8:      layout_cave_pods, uniq_pikel
D:9:      minmay_the_grid_octo_2x2 [minmay_the_grid_octo_concentric,
          minmay_the_grid_octo_vomiting_pacman, minmay_the_grid_octo_fan_narrow,
          minmay_the_grid_octo_prize_square_snowflake], layout_long_grid,
          dpeg_oklobed_lair, uniq_harold
D:10:     layout_basic, serial_shops, nicolae_shop_competitors_out_of_business
D:11:     layout_basic
D:12:     layout_irregular_city, erik_orc_3, gauntlet_entry_generic,
          david_nohive_1, lemuel_statue_altar, uniq_kirke
D:13:     layout_roguey, special_room [special_room_bee],
          nicolae_tso_carved_into_rock
D:14:     layout_cave_pools, grunt_vaults_entry_fortified,
          kennysheep_nondescript
Temple:   regret_index_temple_generic_petals
Lair:1:   layout_layer_cave, uniq_grum
Lair:2:   layout_loops_ring, grunt_megastairs_3, uniq_sonja
Lair:3:   layout_misc_corridors, nicolae_spider_entry_orb_guardian
Lair:4:   layout_roguey, minmay_shoals_entry_centaurs, columned_hall_lemuel
Lair:5:   layout_hall_layers, minmay_slime_entry_oklob_enclosed,
          grunt_megastairs_1, lemuel_fruit_tree, uniq_josephine, uniq_rupert,
          uniq_urug
Lair:6:   wormcave, layout_gridlike
Shoals:1: layout_shoals, serial_shops,
          nicolae_shop_temple_entry_statues_fountains,
          nicolae_shoals_cliffside_cave, nicolae_shoals_mertower
Orc:1:    layout_caves, basic_altar
Orc:2:    st_orc_ogre_mass, layout_caves

Skill      XL: |  1  2  3  4  5  6  7  8  9 10 11 12 13 14 15 16 |
---------------+-------------------------------------------------+-----
Fighting       | 3 4 5 6 7 9 10 11 12 13 | 13.3
Axes           | 4 5 7 8 9 10 11 12 13 | 13.5
Dodging        | 4 5 7 8 |  8.4
Shields        | 3 6 7 9 |  9.7
Invocations    | 4 6 9 10 11 | 11.1
Stealth        | 9 19 20 | 20.1
Throwing       | 7 8 |  8.0
Translocations | 4 |  4.3
Evocations     | 2 |  2.4

Action                   |  1- 3 |  4- 6 |  7- 9 | 10-12 | 13-15 | 16-18 || total
-------------------------+-------+-------+-------+-------+-------+-------++-------
Melee: War axe           |    62 |    75 |   251 |   439 |   671 |    61 ||  1559
       Constrict         |    11 |    19 |    57 |    70 |   121 |    14 ||   292
       Tentacles         |     8 |    17 |    69 |   147 |   272 |    33 ||   546
       Kick              |       |       |       |    66 |   439 |    41 ||   546
       Hand axe          |       |       |       |       |    24 |       ||    24
Throw: Throwing net      |     3 |       |     2 |       |     1 |       ||     6
       Javelin           |       |       |       |       |    54 |       ||    54
 Cast: Blink             |       |       |       |       |     1 |       ||     1
       Apportation       |       |       |       |       |     4 |     2 ||     6
Invok: Slouch            |       |       |       |       |     3 |     1 ||     4
Evoke: Wand              |       |     2 |     1 |    18 |    35 |     1 ||    57
  Use: Scroll            |     6 |     2 |    15 |     6 |    16 |       ||    45
       Potion            |       |     2 |     1 |     4 |     3 |     2 ||    12
 Stab: Sleeping          |     9 |     2 |    21 |    15 |    46 |    10 ||   103
       Distracted        |       |       |     1 |     2 |     7 |     2 ||    12
       Confused          |       |       |       |       |     5 |       ||     5
       Held in net/web   |       |       |       |       |     2 |       ||     2
  Eat: Chunk             |     2 |     4 |    16 |     9 |     8 |     2 ||    41
       Ration            |       |       |       |     1 |     3 |       ||     4
Armor: Skin              |     3 |    30 |    17 |    21 |    38 |       ||   109
Dodge: Dodged            |    51 |    61 |   187 |   270 |   400 |    47 ||  1016
Block: Other             |       |     2 |       |       |       |       ||     2
       Buckler           |       |       |    21 |    16 |       |       ||    37
       Kite shield       |       |       |       |   242 |   512 |    43 ||   797
